 Dungeon Crawl Stone Soup version 0.23.1 (webtiles) character file.

Game seed: 17582885139363304544

11 Borgoz the Sneak (level 2, 0/20 HPs)
             Began as a Ghoul Enchanter on Mar 4, 2019.
             Slain by an ooze (5 damage)
             ... on level 1 of the Dungeon.
             The game lasted 00:01:02 (300 turns).

Borgoz the Sneak (Ghoul Enchanter)                   Turns: 300, Time: 00:01:03

Health: 0/20       AC:  2    Str: 11    XL:     2   Next: 29%
Magic:  1/3        EV: 12    Int: 10    God:
Gold:   0          SH:  0    Dex:  9    Spells: 3/4 levels left

rFire    . . .     SeeInvis .   j - +0 short sword
rCold    + . .     Gourm    .   (no shield)
rNeg     + + +     Faith    .   b - +0 robe
rPois    ∞         Spirit   .   (no helmet)
rElec    .         Reflect  .   (no cloak)
rCorr    .         Harm     .   (no gloves)
MR       .....                  (no boots)
Stlth    ++........             (no amulet)
HPRegen  0.00/turn              (no ring)
MPRegen  0.08/turn              (no ring)

@: rotting
A: rotting body, claws 1, carnivore, cold resistance 1, negative energy
resistance 3, inhibited regeneration, torment resistance, unbreathing
a: no special abilities


You were on level 1 of the Dungeon.
You were not hungry.

You visited 1 branch of the dungeon, and saw 2 of its levels.

Inventory:

Hand Weapons
 j - a +0 short sword (weapon)
Armour
 b - a +0 robe (worn)
Scrolls
 e - a scroll of random uselessness {unknown}
 g - a scroll of magic mapping {unknown}
 h - a scroll of noise {unknown}
 i - 2 scrolls of teleportation {unknown}
Potions
 c - a potion of brilliance {unknown}
Comestibles
 d - a ration
 f - 2 chunks of flesh


   Skills:
 * Level 1.3 Short Blades
 * Level 2.0 Dodging
 + Level 3.4 Stealth
 + Level 1.8 Spellcasting
 + Level 2.5 Hexes


You had 3 spell levels left.
You knew the following spells:

 Your Spells              Type           Power        Failure   Level  Hunger
a - Corona                Hex            #......      11%         1    ##.....

Your spell library contained the following spells:

 Spells                   Type           Power        Failure   Level  Hunger
 Ensorcelled Hibernation  Hex/Ice        #.....       28%         2    ###....
 Confuse                  Hex            #.......     32%         3    ####...
 Tukima's Dance           Hex            #.......     32%         3    ####...
 Dazzling Spray           Conj/Hex       #.....       50%         3    ####...


Dungeon Overview and Level Annotations

Branches:
Dungeon (2/15)

Altars:

Annotations:
D:2 Sigmund


Innate Abilities, Weirdness & Mutations

Your body is rotting away.
You thrive on raw meat.
You are immune to poison.
You have sharp fingernails.
You are carnivorous and can eat meat at any time.
Your flesh is cold resistant. (rC+)
You are immune to negative energy. (rN+++)
You do not regenerate when monsters are visible.
You are immune to unholy pain and torment.
You can survive without breathing.


Message History

You hit the ooze.
The ooze is heavily wounded.
The ooze hits you.
You are too injured to fight recklessly!
You are too injured to fight recklessly!
You are too injured to fight recklessly!
You hit the ooze.
The ooze is severely wounded.
The ooze hits you.
You completely miss the ooze.
The ooze is severely wounded.
The ooze hits you.
* * * LOW HITPOINT WARNING * * *
You hit the ooze but do no damage.
The ooze is severely wounded.
The ooze closely misses you.
You hit the ooze.
The ooze is almost dead.
The ooze stops glowing.
The ooze hits you.
You die...

##.#######.#.....####..
#.......#.#....# ###
#.........#....## #
#.#.......#.....# ## #
#.##....#.....###.
#.#.............##..
#.#.####........####..
#...J.##......### ##.
#@###...### #.
#.###.###### +#
#.#..........
#............
#.#########.# #.. ###


You could see an ooze.

Vanquished Creatures
  An ooze (D:1)
  A leopard gecko (D:1)
  A goblin (D:1)
  A kobold (D:1)
  2 frilled lizards (D:1)
  A rat (D:1)
7 creatures vanquished.

Notes
Turn   | Place    | Note
-------+----------+-------------------------------------------
     0 | D:1      | Borgoz the Ghoul Enchanter began the quest for the Orb.
     0 | D:1      | Reached XP level 1. HP: 14/14 MP: 2/2
   113 | D:1      | Reached skill level 1 in Short Blades
   121 | D:2      | Noticed Sigmund
   216 | D:1      | Reached XP level 2. HP: 11/20 MP: 3/3
   300 | D:1      | Slain by an ooze

Skill      XL: |  1 |
---------------+----+-----
Short Blades   | 1 |  1.3
Dodging        | 2 |  2.0
Stealth        | |  3.4
Spellcasting   | |  1.8
Hexes          | |  2.5

Action                   || total
-------------------------++-------
Melee: Dagger            ||    23
       Short sword       ||    16
 Cast: Corona            ||     3
 Stab: Sleeping          ||     1
  Eat: Chunk             ||     2
Armor: Robe              ||     8
Dodge: Dodged            ||    28
